 Dungeon Crawl Stone Soup version 0.30.1-4-g462c640d31 (webtiles) character file.

Game seed: 368674499026117331

472 CaulkEyed the Poker (level 6, -10/32 HPs)
             Began as a Demonspawn Gladiator on Sept 12, 2023.
             Mangled by an ancient zyme (11 damage)
             ... on level 2 of the Abyss.
             The game lasted 00:51:20 (2685 turns).

CaulkEyed the Poker (Demonspawn Gladiator)          Turns: 2685, Time: 00:51:20

Health: -10/32     AC:  7    Str: 14 (16) XL:     6   Next: 83%
Magic:  6/6        EV:  8    Int:  9      God:
Gold:   227        SH:  4    Dex: 14 (15) Spells: 5/5 levels left

rFire   x x .        k - +0 hand axe (flame)
rCold   . . .        (no shield)
rNeg    . . .        u - +1 chain mail
rPois   .            (helmet restricted)
rElec   .            (no cloak)
rCorr   .            m - +1 pair of gloves
SInv    .            (no boots)
Will    .....        x - amulet of regeneration Stlth
                     (no ring)
HPRegen 0.00/turn    (no ring)
MPRegen 0.10/turn

%: no passive effects
@: sick
A: horns 1, demonic guardian 2, condensation shield, demonic touch 1, [deformed
body], [deterioration 2], [frail 3], [heat vulnerability 2]
a: no special abilities


You were on level 2 of the Abyss.
You visited 1 branch of the dungeon, and saw 4 of its levels.
You visited the Abyss 1 time.

You collected 227 gold pieces.

Inventory:

Hand Weapons
 a - a +0 trident
 k - a +0 hand axe of flaming (weapon)
 q - a +1 short sword of venom
Missiles
 h - an atropa-tipped dart (quivered)
 l - 5 poisoned darts
 t - 32 stones
Armour
 m - a +1 pair of gloves (worn)
 u - a +1 chain mail (worn)
Magical Staves
 v - a staff of cold
Jewellery
 x - an amulet of regeneration (around neck)
Wands
 o - a wand of flame (20)
 p - a wand of polymorph (12)
Potions
 b - a potion of degeneration {unknown}
 c - 2 potions of mutation {unknown}
 f - 2 potions of curing {unknown}
 g - a potion of brilliance {unknown}
 i - a potion of attraction {unknown}
 n - a potion of magic {unknown}
 s - a potion of flight {unknown}
 w - a potion of ambrosia {unknown}


   Skills:
 + Level 3.0 Fighting
 + Level 2.2(3.7) Axes
 + Level 4.7(5.0) Polearms
 + Level 2.3 Throwing
 + Level 2.0 Armour
 + Level 3.6 Dodging
 + Level 0.4 Stealth
 + Level 1.0 Shields


You had 5 spell levels left.
You didn't know any spells.
Your spell library contained the following spells:

 Spells                   Type           Power      Damage    Failure   Level
 Shock                    Conj/Air       0%         1d3       100%        1
 Summon Guardian Golem    Hex/Summ       0%         N/A       100%        3
 Swiftness                Air            0%         N/A       100%        3
 Airstrike                Air            0%         2d(0-16)  100%        4
 Manifold Assault         Tloc           0%         N/A       100%        4
 Dispersal                Tloc           0%         N/A       100%        6
 Orb of Destruction       Conj           0%         9d5       100%        7
 Spellforged Servitor     Conj/Summ      0%         N/A       100%        7
 Disjunction              Tloc           0%         N/A       100%        8


Dungeon Overview and Level Annotations

Branches:
Dungeon (4/15)
 Temple: D:4-7

Altars:

Shops:
D:2 [

Annotations:
D:4 booth's ghost, novice DsGl


Innate Abilities, Weirdness & Mutations

You have a pair of small horns on your head.
A demonic guardian rushes to your aid.
A meltable shield of frost defends you. (SH +4)
Your touch may inflict minor irresistible damage on your foes.
[Armour fits poorly on your strangely shaped body.]
[Your body often deteriorates upon taking damage.]
[You are extremely frail. (-30% HP)]
[You are very vulnerable to heat. (rF--)]


Message History

The wretched star pulses with an eldritch light!
You feel vulnerable to heat. x2
You hit the ancient zyme. You burn the ancient zyme.
The ancient zyme is lightly damaged.
You hit the ancient zyme but do no damage.
The ancient zyme hits you but does no damage. x2
A starcursed mass splits.
A chorus of shrieks assaults your mind.
Your body deteriorates!
You feel weakened.
The ancient zyme hits you but does no damage. x2
You barely miss the ancient zyme. Your headbutt misses the ancient zyme.
The ancient zyme is lightly damaged.
You barely miss the ancient zyme. You hit the large abomination.
You burn the large abomination.
You feel yourself speed up.
The ancient zyme hits you but does no damage.
The ancient zyme hits you!
Your body deteriorates!
You feel weakened.
A demonic guardian appears!
The ancient zyme hits you!
Your body deteriorates!
You feel clumsy. The ancient zyme hits you.
* * * LOW HITPOINT WARNING * * *
The large abomination hits you!
* * * LOW HITPOINT WARNING * * *
A starcursed mass splits.
The wretched star pulses with an eldritch light!
You feel frail.
Your body twists and deforms.
The large abomination hits you.
* * * LOW HITPOINT WARNING * * *
The ancient zyme hits you but does no damage.
The ancient zyme closely misses you.
You feel ill.
Cleave: k) +0 hand axe (flame)
Press: ? - help, Dir - move target, f/p - large abomination
Aim: a large abomination (lightly damaged, ally target, about 24% to evade your +0 hand axe of flaming)
You hit the large abomination but do no damage.
You touch the large abomination!
The large abomination is moderately damaged.
You hit the ancient zyme but do no damage.
You barely miss the ancient zyme. The ancient zyme hits you!
You die...

#..... ##.... . ##
.....#........ ...
..##.#.#####....####..
.....#.##..##..# . #
X.....##..#.#.......
...X.#........#.#.#..
....*.......#....###
...X...x.....(### #
X..#Xxx@X.....# #
#.###...#### .. #4..#
... ##.#.. ## .##....
## .... ..#.


You could see 3 starcursed masses, a wretched star, 3 ancient zymes, a large
abomination (ally target) and a friendly ice devil (summoned).

Vanquished Creatures
  An ogre (D:3)
  2 scorpions (D:4)
  A howler monkey (D:4)
  A gnoll bouda (D:4)
  Ijyb (D:4)
  5 gnolls
  5 adders
  An ufetubus (D:4)
  3 dart slugs
  6 orcs (D:3)
  5 endoplasms
  4 giant cockroaches
  3 goblins
  6 hobgoblins
  4 jackals (D:2)
  5 quokkas
  7 ball pythons
  8 bats
  6 frilled lizards
  5 kobolds
  4 rats (D:3)
83 creatures vanquished.

Notes
Turn   | Place    | Note
-------+----------+-------------------------------------------
     0 | D:1      | CaulkEyed the Demonspawn Gladiator began the quest for the
                  | Orb.
     0 | D:1      | Reached XP level 1. HP: 16/16 MP: 1/1
   123 | D:1      | Reached skill level 3 in Polearms
   239 | D:1      | Gained mutation: A meltable shield of frost defends you.
                  | (SH +4) [demonic ancestry]
   239 | D:1      | Reached XP level 2. HP: 15/22 MP: 2/2
   572 | D:1      | Discovered your monstrous ancestry.
   572 | D:1      | Gained mutation: Your touch may inflict minor irresistible
                  | damage on your foes. [demonic ancestry]
   572 | D:1      | Reached XP level 3. HP: 27/27 MP: 3/3
   623 | D:2      | Found Fiax's Antique Armour Boutique.
  1183 | D:3      | Gained mutation: You have a pair of small horns on your
                  | head. [demonic ancestry]
  1183 | D:3      | Reached XP level 4. HP: 30/34 MP: 4/4
  1314 | D:3      | Noticed an ogre
  1317 | D:3      | Killed an ogre
  1318 | D:3      | Reached skill level 4 in Polearms
  1318 | D:3      | Reached skill level 1 in Armour
  1318 | D:3      | Gained mutation: A weak demonic guardian rushes to your
                  | aid. [demonic ancestry]
  1318 | D:3      | Reached XP level 5. HP: 12/39 MP: 5/5
  1866 | D:4      | Gained mutation: A demonic guardian rushes to your aid.
                  | [demonic ancestry]
  1866 | D:4      | Reached XP level 6. HP: 46/46 MP: 6/6
  1916 | D:4      | Found a runed translucent gate.
  1916 | D:4      | Found a runed translucent gate.
  1917 | D:4      | Found a runed translucent gate.
  1917 | D:4      | Noticed booth's ghost (novice DsGl)
  2161 | D:4      | Reached skill level 1 in Shields
  2288 | D:4      | Reached skill level 1 in Axes
  2299 | D:4      | Noticed Ijyb
  2309 | D:4      | Killed Ijyb
  2657 | Abyss:2  | Noticed a thrashing horror
  2657 | Abyss:2  | Noticed a large abomination
  2657 | Abyss:2  | Noticed a wretched star
  2657 | Abyss:2  | Noticed an ancient zyme
  2657 | Abyss:2  | Noticed an ancient zyme
  2657 | Abyss:2  | Noticed an ancient zyme
  2657 | Abyss:2  | Cast into level 2 of the Abyss (kobold brigand)
  2681 | Abyss:2  | Noticed a starcursed mass
  2684 | Abyss:2  | HP: 1/32 [large abomination (1)]
  2685 | Abyss:2  | Mangled by an ancient zyme

Illustrated notes

Levels and vault maps discovered:
D:1:      dpeg_arrival_water_altar, layout_basic
D:2:      layout_loops_ring, serial_shops, shop
D:3:      layout_loops_cross, uniq_crazy_yiuf_cottage
D:4:      layout_basic, gammafunk_ghost_split, uniq_ijyb
Abyss:2:  base: D:3, minivault_28, bh_abyss_exit_grid

Skill      XL: |  1  2  3  4  5  6 |
---------------+-------------------+-----
Polearms       | 3 4 |  4.7
Dodging        | 3 |  3.6
Throwing       | 2 |  2.3
Armour         | 1 2 |  2.0
Shields        | 1 |  1.0
Fighting       | 3 |  3.0
Axes           | 2 |  2.2
Stealth        | |  0.4

Action                     |  1- 3 |  4- 6 || total
---------------------------+-------+-------++-------
  Melee: Trident           |   103 |     6 ||   109
         Touch             |     6 |    14 ||    20
         Punch             |     1 |       ||     1
         Hand axe          |       |    93 ||    93
         Headbutt          |       |    18 ||    18
  Throw: Throwing net      |     4 |     2 ||     6
         Javelin           |     1 |     1 ||     2
         Dart              |       |     2 ||     2
    Use: Scroll            |     3 |     7 ||    10
         Potion            |       |     2 ||     2
 Armour: Leather armour    |     7 |       ||     7
         Ring mail         |    29 |     1 ||    30
         Chain mail        |       |    47 ||    47
  Dodge: Dodged            |    36 |    38 ||    74
  Block: Other             |    11 |    11 ||    22
